 Dungeon Crawl Stone Soup version 0.15.2 (webtiles) character file.

70 4tharraofdagon the Ruinous (level 4, -1/36 HPs)
             Began as a Hill Orc Conjurer on Jan 20, 2015.
             Was an Initiate of the Shining One.
             Killed from afar by an orc wizard (6 damage)
             ... with a magic dart
             ... on Level 4 of the Dungeon.
             The game lasted 00:06:28 (1210 turns).

4tharraofdagon the Ruinous (Hill Orc Conjurer)      Turns: 1210, Time: 00:06:29

HP  -1/36        AC  3     Str 10      XL: 4   Next: 22%
MP   6/6         EV 12     Int 21      God: the Shining One [......]
Gold 42          SH  0     Dex 11      Spells:  1 memorised,  5 levels left

rFire  . . .     SeeInvis .       - Unarmed
rCold  . . .     Clarity  .     a - +0 robe
rNeg   . . .     rCorr    .     (no shield)
rPois  .         rRot     .     (no helmet)
rElec  .         Spirit   .     (no cloak)
SustAb .         Warding  .     o - +0 pair of gloves
rMut   .         Stasis   .     (no boots)
Gourm  .                        (no amulet)
MR     .....                    (no ring)
                                (no ring)

@: brilliant, slowed, very slow, not resistant to hostile enchantments,
unstealthy
A: no striking features
a: Renounce Religion, Convert to Beogh


You were on level 4 of the Dungeon.
You worshipped the Shining One.
The Shining One was noncommittal.
You were not hungry.

You visited 2 branches of the dungeon, and saw 5 of its levels.

You collected 42 gold pieces.

Inventory:

Hand weapons
 g - a +0 whip
Missiles
 i - 26 stones (quivered)
 j - 9 poisoned needles
 t - 3 javelins
Armour
 a - a +0 robe (worn)
 o - a +0 pair of gloves (worn)
Magical devices
 n - a wand of frost (4)
Comestibles
 b - 2 meat rations
 f - 2 slices of pizza
 m - 2 bread rations
 p - 3 fruits
Scrolls
 d - 7 scrolls of remove curse
 h - a scroll of magic mapping {unknown}
 k - a scroll of enchant armour {unknown}
 l - a scroll of recharging {unknown}
 r - 2 scrolls of noise
 v - a scroll of fog {unknown}
Jewellery
 q - an uncursed ring of ice
Potions
 s - a potion of confusion {unknown}
 u - a potion of brilliance
Books
 c - a book of Conjurations

   Spells                             Type                      Level
   *Magic Dart                        Conjuration                  1
   Searing Ray                        Conjuration                  2
   Dazzling Spray                     Conjuration/Hexes            3
   Fulminant Prism                    Conjuration/Hexes            4
   Iskenderun's Mystic Blast          Conjuration                  4
   Iskenderun's Battlesphere          Conjuration/Charms           5


   Skills:
 + Level 2.1 Fighting
 - Level 1.5 Dodging
 - Level 1.5 Stealth
 * Level 3.4 Unarmed Combat
 - Level 1.5 Spellcasting
 - Level 4.0 Conjurations


You had 5 spell levels left.
You knew the following spells:

 Your Spells              Type           Power        Failure   Level  Hunger
a - Magic Dart            Conj           ####         1%          1    #......


Dungeon Overview and Level Annotations

Branches:
Dungeon (4/15)             Temple (1/1) D:4

Altars:
Ashenzari
Elyvilon
Fedhas
Kikubaaqudgha
Makhleb
Okawaru
Sif Muna
Trog
Vehumet
Xom
Yredelemnul
Zin
The Shining One


Message History

Drink which item? (? for menu, Esc to quit)
You feel better.
It was a potion of curing.
The orc wizard gestures at you while chanting.
The magic dart hits you!
The orc priest looks braver.
Unknown command.
Drink which item? (? for menu, Esc to quit)
You feel better.
The orc wizard hits you but does no damage.
The orc priest invokes the aid of Beogh against you.
Something smites you!
* * * LOW HITPOINT WARNING * * *
Unknown command.
Drink which item? (? for menu, Esc to quit)
You feel clever all of a sudden.
It was a potion of brilliance.
The orc wizard hits you but does no damage.
The orc wizard gestures at you while chanting.
The magic dart hits you!
You die...

#........## ##.. #........#
#... ### ##.......## #... ##.#
#........#####...
#..###.......#....#...
#...##.........#......
##.............#......
###.........##.###..#...
########o....o@..####......#...
###....#....#####..#
##..#.###..# #.........### ##.#
#...#......# ........###
#..##.###..#.### ..##...##
#..........#.... #...
#......#.###..#. #...
#......#......#. ##..
#..##.###..#.###. ... #.
#......#.....


You could see an orc priest and an orc wizard.

Vanquished Creatures
  An iguana (D:4)
  3 giant geckos
  An orc (D:3)
  6 hobgoblins
  A jackal (D:1)
  4 kobolds
  A quokka (D:2)
  6 bats
  4 giant cockroaches
  A giant newt (D:2)
  6 goblins
  A rat (D:1)
35 creatures vanquished.

Notes
Turn   | Place    | Note
--------------------------------------------------------------
     0 | D:1      | 4tharraofdagon, the Hill Orc Conjurer, began the quest for the Orb.
     0 | D:1      | Reached XP level 1. HP: 14/14 MP: 2/2
   153 | D:1      | Reached skill level 1 in Unarmed Combat
   221 | D:1      | Reached XP level 2. HP: 13/22 MP: 0/3
   329 | D:2      | Reached skill level 1 in Fighting
   373 | D:2      | Found a white marble altar of Elyvilon.
   428 | D:2      | Reached XP level 3. HP: 15/28 MP: 0/5
   501 | D:3      | Found a shattered altar of Ashenzari.
   967 | D:4      | Found a staircase to the Ecumenical Temple.
   978 | D:4      | Reached XP level 4. HP: 19/36 MP: 1/6
   982 | Temple   | Entered the Ecumenical Temple
  1017 | Temple   | Became a worshipper of the Shining One
  1207 | D:4      | The Shining One protects you from harm!
  1210 | D:4      | Killed from afar by an orc wizard

Action                   |  1- 3 |  4- 6 || total
-------------------------+-------+-------++-------
Melee: Unarmed           |   107 |    10 ||   117
 Cast: Magic Dart        |    55 |     5 ||    60
Evoke: Wand              |     5 |     1 ||     6
  Use: Scroll            |     1 |     1 ||     2
       Potion            |       |     3 ||     3
  Eat: Chunk             |     2 |     1 ||     3
